 Dungeon Crawl Stone Soup version 0.21.1-1-g345015f (webtiles) character file.

70 aMcNicky the Ruffian (level 4, -3/40 HPs)
             Began as a Ghoul Monk on Mar 13, 2018.
             Slain by a gnoll
             ... wielding a +0 halberd
              (9 damage)
             ... on level 2 of the Dungeon.
             The game lasted 00:05:13 (1167 turns).

aMcNicky the Ruffian (Ghoul Monk)                   Turns: 1167, Time: 00:05:13

Health: -3/40      AC:  5    Str: 15    XL:     4   Next: 22%
Magic:  3/3        EV: 11    Int:  5    God:
Gold:   32         SH:  0    Dex: 11    Spells: 3/3 levels left

rFire    . . .     SeeInvis .     - Unarmed
rCold    + . .     Gourm    .   (no shield)
rNeg     + + +     Faith    .   e - +0 ring mail
rPois    ∞         Spirit   .   (no helmet)
rElec    .         Reflect  .   (no cloak)
rCorr    .         Harm     .   (no gloves)
MR       .....                  (no boots)
Stlth    +.........             (no amulet)
HPRegen  0.00/turn              (no ring)
MPRegen  0.08/turn              (no ring)

@: rotting
A: rotting body, claws 1, carnivore, cold resistance 1, negative energy
resistance 3, inhibited regeneration, torment resistance, unbreathing
a: no special abilities


You were on level 2 of the Dungeon.
You were not hungry.

You visited 1 branch of the dungeon, and saw 2 of its levels.

You collected 32 gold pieces.

Inventory:

Armour
 a - a +0 robe
 e - a +0 ring mail (worn)
 i - a +0 chain mail
Jewellery
 g - a +2 ring of dexterity {unknown}
Scrolls
 c - a scroll of remove curse {unknown}
 f - a scroll of fear {unknown}
 h - a scroll of blinking {unknown}
 k - a scroll of identify {unknown}
Potions
 j - a potion of curing {unknown}
Comestibles
 b - 2 rations
 d - 7 chunks of flesh


   Skills:
 + Level 3.9 Fighting
 + Level 1.4 Armour
 - Level 2.7 Dodging
 - Level 2.2 Stealth
 * Level 4.5 Unarmed Combat


You had 3 spell levels left.
You didn't know any spells.

Dungeon Overview and Level Annotations

Branches:
Dungeon (2/15)

Altars:
Gozag
Uskayaw
Xom


Innate Abilities, Weirdness & Mutations

Your body is rotting away.
You thrive on raw meat.
You are immune to poison.
You have sharp fingernails.
You are carnivorous and can eat meat at any time.
Your flesh is cold resistant. (rC+)
You are immune to negative energy. (rN+++)
You do not regenerate when monsters are visible.
You are immune to unholy pain and torment.
You can survive without breathing.


Message History

The gnoll hits you with a whip.
You barely miss the gnoll.
The gnoll is severely wounded.
The gnoll closely misses you. The gnoll completely misses you.
You barely miss the gnoll.
The gnoll is severely wounded.
The gnoll hits you with a whip.
The gnoll hits you from afar with a halberd.
You barely miss the gnoll.
The gnoll is severely wounded.
The gnoll hits you with a whip.
The gnoll hits you from afar with a halberd!
You closely miss the gnoll.
The gnoll is severely wounded.
The gnoll hits you with a whip!
* * * LOW HITPOINT WARNING * * *
You claw the gnoll!
You kill the gnoll!
The gnoll hits you from afar with a halberd!
You die...

#.# #..#..........
#.# #..#..........
#.# #..#..........
#.# #..#...<......
#.# #..####+#+####
#.# #.......#.####
#.# #.............
##.#######..........#
#....@)g.'..........#
##########..........#
#..........#
#..........#
#..........#
#....g.....#
#..........#
#..........#
#..........#


You could see a gnoll.

Vanquished Creatures
  Natasha (D:2)
  A gnoll (D:2)
  2 adders (D:2)
  A leopard gecko (D:1)
  A giant cockroach (D:2)
  3 goblins
  A hobgoblin (D:1)
  5 bats
  A frilled lizard (D:2)
  2 kobolds (D:1)
  3 rats (D:1)
21 creatures vanquished.

Notes
Turn   | Place    | Note
-------+----------+-------------------------------------------
     0 | D:1      | aMcNicky the Ghoul Monk began the quest for the Orb.
     0 | D:1      | Reached XP level 1. HP: 19/19 MP: 0/0
    49 | D:1      | Found a shimmering altar of Xom.
   323 | D:1      | Reached XP level 2. HP: 24/26 MP: 1/1
   755 | D:2      | Found an opulent altar of Gozag.
   755 | D:2      | Found a hide-covered altar of Uskayaw.
   793 | D:2      | Noticed Natasha
   807 | D:2      | Noticed a crimson imp
   813 | D:2      | Killed Natasha
   813 | D:2      | Reached skill level 1 in Armour
   813 | D:2      | Reached skill level 4 in Unarmed Combat
   813 | D:2      | Reached XP level 3. HP: 21/33 MP: 2/2
   995 | D:2      | Reached XP level 4. HP: 27/40 MP: 3/3
  1167 | D:2      | Slain by a gnoll

Skill      XL: |  1  2 |
---------------+-------+-----
Armour         | 1 |  1.4
Unarmed Combat | 4 |  4.5
Fighting       | |  3.9
Dodging        | |  2.7
Stealth        | |  2.2

Action                   |  1- 3 |  4- 6 || total
-------------------------+-------+-------++-------
Melee: Unarmed           |    66 |    10 ||    76
 Stab: Sleeping          |     1 |       ||     1
  Eat: Chunk             |     3 |       ||     3
Armor: Robe              |     5 |       ||     5
       Ring mail         |    14 |     1 ||    15
Dodge: Dodged            |    45 |     4 ||    49
